 Dungeon Crawl Stone Soup version 0.30-a0-49-g1cef19eb02 (webtiles) character file.

Game seed: 13075754398346563748

140723 Pooter the Executioner (level 16, -23/198 (223) HPs)
             Began as a Minotaur Berserker on Sept 1, 2022.
             Was a High Priest of Trog.
             Killed from afar by a deep elf knight (26 damage)
             ... with a shard of ice
             ... on level 1 of the Elven Halls on Sept 2, 2022.
             The game lasted 02:56:13 (40948 turns).

Pooter the Executioner (Minotaur Berserker)        Turns: 40948, Time: 02:56:13

HP:   -23/198 (223) AC: 25    Str: 31    XL:     16   Next: 76%
MP:   0/15          EV: 11    Int:  6    God:    Trog [*****.]
Gold: 196           SH:  0    Dex: 15    Spells: 15/15 levels left

rFire   + . .      SeeInvis +    a - +6 executioner's axe (flame)
rCold   + . .      Faith    .    (shield currently unavailable)
rNeg    . . .      Spirit   +    k - +1 crystal plate armour
rPois   +          Reflect  .    (helmet restricted)
rElec   +          Harm     .    i - scarf {repulsion}
rCorr   +          Rampage  .    H - +0 pair of gloves of the Solstice {rElec Slay+5}
Will    +++..                    T - +2 pair of boots
Stlth   ..........               G - amulet of guardian spirit
HPRegen 1.43/turn                y - +6 ring of strength
MPRegen 0.14/turn                S - ring of see invisible

@: berserking, resistant, strong-willed, regenerating, studying Short Blades,
heavily drained, repel missiles, very quick
A: horns 2, retaliatory headbutt, fangs 1, thin skeletal structure 1
a: Renounce Religion, Berserk, Trog's Hand, Brothers in Arms


You were on level 1 of the Elven Halls.
You worshipped Trog.
Trog was extremely pleased with you.
You visited 4 branches of the dungeon, and saw 23 of its levels.
You also visited: Ossuary.

You collected 2880 gold pieces.
You spent 2684 gold pieces at shops.

Inventory:

Hand Weapons
 a - a +6 executioner's axe of flaming (weapon)
   (Trog gifted it to you on level 2 of the Orcish Mines)
 b - a +4 arbalest of freezing
   (You acquired it on level 4 of the Lair of Beasts)
 O - a +3 antimagic executioner's axe
   (Trog gifted it to you on level 3 of the Lair of Beasts)
 R - a +4 war axe of freezing
   (You took it off a wight on level 8 of the Dungeon)
 U - a +2 great mace of holy wrath
   (You took it off Rupert on level 1 of the Orcish Mines)
Missiles
 g - 2 silver javelins
 h - 14 boomerangs (quivered)
 o - 7 curare-tipped darts
 v - 5 javelins
 I - 2 silver boomerangs
Armour
 i - a scarf of repulsion (worn)
   (You found it on level 5 of the Lair of Beasts)
 k - a +1 crystal plate armour (worn)
   (You took it off an orc warrior on level 9 of the Dungeon)
 H - the +0 pair of gloves of the Solstice (worn) {rElec Slay+5}
   (You found it on level 10 of the Dungeon)

   Slay:      It affects your accuracy & damage with ranged weapons and melee
   (+5).
   rElec:     It insulates you from electricity.
 T - a +2 pair of boots (worn)
   (You found it on level 9 of the Dungeon)
 Z - the +6 scale mail of Ibupewir {Rampage rC+ Dex+2}
   (You found it on level 9 of the Dungeon)

   Dex:       It affects your dexterity (+2).
   rC:        It protects you from cold.
   Rampage:   It bestows one free step when moving towards enemies.
Jewellery
 n - an amulet of the acrobat
   (You found it on level 6 of the Dungeon)
 y - a +6 ring of strength (left hand)
   (You found it on level 4 of the Dungeon)
 F - a ring of protection from fire
   (You took it off a centaur warrior on level 14 of the Dungeon)
 G - an amulet of guardian spirit (around neck)
   (You bought it in a shop on level 12 of the Dungeon)
 K - a ring of ice
   (You found it on level 7 of the Dungeon)
 N - a ring of positive energy
   (You found it on level 2 of the Lair of Beasts)
 S - a ring of see invisible (right hand)
   (You found it on level 10 of the Dungeon)
 X - a ring of flight
   (You bought it in a shop on level 1 of the Elven Halls)
Wands
 d - a wand of iceblast (29)
   (You found it on level 8 of the Dungeon)
 f - a wand of flame (63)
   (You took it off Pikel on level 8 of the Dungeon)
 r - a wand of mindburst (7)
   (You found it on level 11 of the Dungeon)
 u - a wand of charming (10)
   (You found it on level 13 of the Dungeon)
 x - a wand of acid (2)
   (You took it off Sonja on level 3 of the Lair of Beasts)
 D - a wand of digging (4)
   (You found it on level 9 of the Dungeon)
 M - a wand of polymorph (8)
   (You found it on level 7 of the Dungeon)
Scrolls
 j - a scroll of blinking
 p - 3 scrolls of silence
 t - 13 scrolls of teleportation {@r4}
 w - 3 scrolls of noise {!r}
 A - 4 scrolls of poison {!r}
 E - 8 scrolls of fear
 J - 5 scrolls of fog
 Q - 8 scrolls of magic mapping
 W - 7 scrolls of immolation {!r}
 Y - a scroll of summoning
Potions
 c - a potion of might
 e - 2 potions of heal wounds {@q2}
 m - 4 potions of haste {@q3}
 q - 5 potions of flight
 s - 3 potions of invisibility
 z - 17 potions of curing {@q1}
 B - 3 potions of attraction {!q}
 C - 3 potions of lignification {!q}
 L - 6 potions of mutation {!q}
 P - 2 potions of cancellation
 V - a potion of resistance
Miscellaneous
 l - a box of beasts
   (You found it on level 3 of the Lair of Beasts)


   Skills:
 + Level 15.5 Fighting
 * Level 21.3 Axes
 - Level 1.6(14.1) Maces & Flails
 + Level 16.5 Ranged Weapons
 - Level 9.0 Armour
 - Level 13.5 Dodging
 - Level 4.4 Stealth
 - Level 3.7 Shields
 - Level 8.5 Evocations


You had 15 spell levels left.
You didn't know any spells.
Your spell library was empty.

Dungeon Overview and Level Annotations

Branches:
Dungeon (15/15)            Temple (0/1) D:7            Lair (5/5) D:11
  Swamp (0/4) Lair:2       Spider (0/4) Lair:3        Slime (0/5) Lair:5
    Orc (2/2) D:12            Elf (1/3) Orc:2        Vaults (0/5) D:13
 Depths (0/4) D:15        Ossuary (visited)

Altars:
Ashenzari
Cheibriados
Makhleb
Nemelex Xobeh
Okawaru
Ru
Trog
Vehumet
Wu Jian
Xom
Yredelemnul
Zin
The Shining One
Jiyva

Shops:
D:3 [??(?   D:6 !   D:8 *   D:12 *   Orc:2 ??!?   Elf:1 *=!

Annotations:
Elf:1 5 runed translucent doors


Innate Abilities, Weirdness & Mutations

You have a pair of horns on your head.
You reflexively headbutt those who attack you in melee.
You have very sharp teeth.
You have a somewhat thin skeletal structure. (Dex +2, Stealth+)


Message History

* * * LOW HITPOINT WARNING * * *
The deep elf pyromancer gestures wildly while chanting.
The deep elf pyromancer blinks!
The deep elf zephyrmancer gestures wildly while chanting.
The deep elf zephyrmancer blinks!
The deep elf pyromancer gestures wildly while chanting.
The deep elf pyromancer blinks!
The deep elf zephyrmancer casts a spell.
The deep elf zephyrmancer blinks!
The deep elf archer mumbles some strange words.
The deep elf archer blinks!
The fire elemental barely misses you.
The deep elf archer mumbles some strange words.
The deep elf archer blinks!
You slash the deep elf high priest! You burn the deep elf high priest.
Your headbutt misses the deep elf high priest.
You slice the deep elf pyromancer!! You burn the deep elf pyromancer.
Trog accepts your kill.
Trog appreciates your killing of a magic user.
You slash the fire elemental!
You destroy the fire elemental!
The fire elemental disappears in a puff of smoke!
The deep elf pyromancer explodes!
The fiery explosion engulfs the deep elf archer!!
Trog accepts your kill.
Trog appreciates your killing of a magic user.
The fiery explosion engulfs you! You resist.
* * * LOW MAGIC WARNING * * *
* * * LOW HITPOINT WARNING * * *
The deep elf archer explodes!
You are engulfed in blazing flames.
You resist.
* * * LOW HITPOINT WARNING * * *
Unknown command.
You slice the deep elf high priest!! You burn the deep elf high priest!
You kill the deep elf high priest!
Trog accepts your kill.
You are engulfed in blazing flames.
You resist.
* * * LOW HITPOINT WARNING * * *
The deep elf zephyrmancer's inner flame fades away.
The deep elf zephyrmancer casts a spell at you.
The bolt of lightning misses you.
The bolt of lightning misses the deep elf knight.
The deep elf knight gestures at you while chanting.
The shard of ice is repelled.
The shard of ice hits the deep elf zephyrmancer!!!
The deep elf archer casts a spell.
The deep elf archer blinks!
Unknown command.
The deep elf knight casts a spell at you.
The shard of ice hits you!! You partially resist.
You die...

#..)..## ++#. #+++#
##....'. #8..}.....8#
#...### #8........8
##.'## #..#..#.e## #.#)##
#8...$$.§.8# ########)#
#8........8# ###...#####)
##..#..#.§## #.......# ##
#8.e.e)e@)8# #.......# #.
#8...e§§°)8###.......###[
##''#§§#))##..☼E.(...+.'.
#..e§§.§§e).#.......###.
###############...### #.
##### ##


You could see 2 deep elf archers, a deep elf knight (empowered, invisible), 2
deep elf pyromancers and 2 deep elf zephyrmancers.

Vanquished Creatures
  Rupert (Orc:1)
  A deep elf sorcerer (Elf:1)
  2 fire giants (D:14)
  A deep elf annihilator (Elf:1)
  The ghost of Newt the Spear-Bearer, a journeyman DsGl of Okawaru (Lair:4)
  Azrael (D:13)
  Snorg (Orc:2)
  A fire dragon (D:14)
  A deep elf high priest (Elf:1)
  Josephine (Lair:3)
  5 boulder beetles
  10 hydras
  Erolcha (D:10)
  The ghost of Daxter95 the Warrior, a novice MiBe of Trog (D:10)
  A rakshasa (D:13)
  A catoblepas (Lair:5)
  A death knight (D:15)
  9 centaur warriors
  6 two-headed ogres
  6 dancing weapons (Elf:1)
  A deep troll shaman (Lair:5)
  The ghost of ravioli the Summoner, a journeyman FeSu of Gozag (Lair:4)
  The ghost of zishaf the Wallflower, a journeyman VSBr of Uskayaw (D:9)
  19 death yaks
  A deep troll earth mage (D:14)
  4 orc high priests (Orc:2)
  Sonja (Lair:3)
  6 deep elf knights (Elf:1)
  A shadow wraith (D:13)
  Nergalle (D:10)
  Lodul (D:10)
  A deep troll (D:13)
  4 skeletal warriors
  A phantasmal warrior (D:13)
  10 deep elf pyromancers
  A wizard (D:14)
  Pikel (D:8)
  3 deep elf archers (Elf:1)
  An oklob plant (Lair:2)
  2 necromancers
  13 deep elf zephyrmancers
  4 orc sorcerers
  17 ugly things
  5 manticores
  7 cyclopes
  2 centaur zombies (D:15)
  7 elephants
  A moth of wrath (Lair:4)
  5 black mambas
  2 naga magi (D:15)
  2 gargoyles
  18 cane toads
  4 torpor snails
  Maggie (D:9)
  An unseen horror (shapeshifter) (D:13)
  A rime drake (Lair:5)
  A harpy zombie (D:15)
  3 yaktaurs (D:14)
  7 komodo dragons
  A tengu conjurer (D:14)
  3 freezing wraiths
  A queen bee (shapeshifter) (D:8)
  A troll (shapeshifter) (D:13)
  5 trolls
  A wind drake (shapeshifter) (D:13)
  A wolf spider simulacrum (D:15)
  5 polar bears
  2 meliai
  A tarantella (D:13)
  A tyrant leech (Lair:4)
  12 blink frogs
  8 slime creatures
  A spriggan (shapeshifter) (D:13)
  2 air elementals (Elf:1)
  4 wraiths
  3 shadows
  87 yaks
  3 wyverns
  4 basilisks
  6 fire elementals
  14 vampire mosquitoes
  2 steam dragons (D:6)
  4 wargs (D:12)
  3 swamp worms (Lair:4)
  12 water moccasins
  4 acid dragons
  A hell hound (D:13)
  A sky beast (D:6)
  An ice beast (D:4)
  26 orc warriors
  7 black bears
  13 ogres
  8 centaurs
  31 wolves
  A boggart (D:13)
  4 phantoms
  An elf zombie (Ossuary)
  2 kobold brigands
  11 bullfrogs
  3 earth elementals (Elf:1)
  A gnoll sergeant (D:6)
  9 wights
  4 scorpions
  18 killer bees
  An electric eel (Lair:3)
  7 howler monkeys
  2 hounds
  2 jellies
  A human zombie (Ossuary)
  27 orc priests
  Jessica (D:3)
  4 iguanas
  26 orc wizards
  2 mummies (Ossuary)
  15 gnolls
  A gnoll (shapeshifter) (D:14)
  10 adders
  A shadow imp (D:5)
  A white imp (D:6)
  2 adder zombies (Ossuary)
  A worm (D:2)
  2 dart slugs
  107 orcs
  7 ball pythons
  7 bats
  6 endoplasms
  4 giant cockroaches
  8 goblins
  10 hobgoblins
  3 jackals (D:3)
  14 kobolds
  2 quokkas
  4 frilled lizards
  2 goblin zombies (Ossuary)
  7 hobgoblin zombies
  2 jackal zombies (Ossuary)
  12 kobold zombies (Ossuary)
  10 orc zombies (Ossuary)
  6 rats
  2 rat zombies
  2 butterflies (Lair:4)
868 creatures vanquished.

Vanquished Creatures (others)
  A deep elf annihilator (Elf:1)
  2 deep elf zephyrmancers (Elf:1)
  3 orc wizards
  A bush (Lair:5)
  57 fungi
  54 plants
118 creatures vanquished.

Grand Total: 986 creatures vanquished

Notes
Turn   | Place    | Note
-------+----------+-------------------------------------------
     0 | D:1      | Pooter the Minotaur Berserker began the quest for the Orb.
     0 | D:1      | Reached XP level 1. HP: 19/19 MP: 0/0
    94 | D:1      | Reached skill level 4 in Axes
    94 | D:1      | Reached XP level 2. HP: 24/26 MP: 1/1
   579 | D:1      | Reached skill level 5 in Axes
   836 | D:1      | Reached XP level 3. HP: 31/31 MP: 2/2
  1126 | D:2      | Reached XP level 4. HP: 30/39 MP: 3/3
  1222 | D:2      | Reached skill level 6 in Axes
  1337 | D:2      | Found a faded altar of an unknown god.
  1461 | D:2      | Reached ** piety under Trog
  1891 | D:3      | Found Maaf's Magic Scroll Emporium.
  1926 | D:3      | Reached skill level 1 in Ranged Weapons
  1930 | D:3      | Found Nourghaoh's Magic Scroll Shop.
  1937 | D:3      | Bought a scroll of identify for 26 gold pieces
  1944 | D:3      | Bought a scroll of identify for 24 gold pieces
  1944 | D:3      | Bought a scroll of identify for 24 gold pieces
  1990 | D:3      | Found Qeajoeg's Armour Emporium.
  1994 | D:3      | Noticed Jessica
  1996 | D:3      | Killed Jessica
  1997 | D:3      | Reached XP level 5. HP: 46/46 MP: 4/4
  2060 | D:3      | Found a burning altar of Makhleb.
  2231 | D:3      | Found Soneanel's Weapon Boutique.
  2271 | D:3      | Found Pasos's Magic Scroll Emporium.
  2397 | D:3      | Found a sparkling altar of Nemelex Xobeh.
  2415 | D:3      | Reached skill level 1 in Shields
  2589 | D:3      | Bought a scroll of identify for 28 gold pieces
  2589 | D:3      | Bought a scroll of identify for 28 gold pieces
  2691 | D:4      | Reached XP level 6. HP: 53/53 MP: 5/5
  2727 | D:4      | Found a sacrificial altar of Ru.
  2776 | D:4      | Found an ornate altar of the Wu Jian Council.
  2987 | D:3      | Reached skill level 7 in Axes
  3224 | D:4      | Noticed an ice beast
  3233 | D:4      | Killed an ice beast
  3406 | D:4      | Found a glowing golden altar of the Shining One.
  3408 | D:4      | Found a glowing silver altar of Zin.
  3530 | D:5      | Entered Level 5 of the Dungeon
  3639 | D:5      | Reached XP level 7. HP: 52/60 MP: 6/6
  3759 | D:5      | Reached skill level 5 in Fighting
  3915 | D:5      | Reached skill level 8 in Axes
  3942 | D:5      | Reached *** piety under Trog
  3998 | D:5      | Reached skill level 5 in Ranged Weapons
  4000 | D:5      | Reached XP level 8. HP: 51/69 MP: 7/7
  4177 | D:3      | Bought a scroll of enchant weapon for 90 gold pieces
  4614 | D:6      | Found an iron altar of Okawaru.
  4766 | D:3      | Bought a scroll of fear for 48 gold pieces
  4858 | D:6      | Found Qiunlet's Distillery.
  4924 | D:6      | Reached skill level 9 in Axes
  5127 | D:6      | Found a broken altar of Ashenzari.
  5582 | D:6      | Found a basalt altar of Yredelemnul.
  5802 | D:6      | Reached XP level 9. HP: 78/78 MP: 8/8
  5962 | D:7      | Found a staircase to the Ecumenical Temple.
  5986 | D:7      | Found a sand-covered staircase.
  6002 | Ossuary  | Entered an ossuary
  6105 | Ossuary  | Reached **** piety under Trog
  6113 | Ossuary  | Reached skill level 10 in Axes
  6387 | D:6      | Bought a potion of curing for 33 gold pieces
  7382 | D:8      | Found Rokha's General Store.
  7401 | D:8      | Reached skill level 5 in Armour
  7468 | D:8      | Noticed Pikel
  7477 | D:8      | Killed Pikel
  7478 | D:8      | Reached skill level 1 in Evocations
  7669 | D:8      | Noticed a queen bee
  7669 | D:8      | a shapeshifter changed into a queen bee
  7677 | D:8      | Killed a queen bee
  7678 | D:8      | Reached skill level 11 in Axes
  7961 | D:8      | Reached XP level 10. HP: 86/86 MP: 9/9
  8425 | D:3      | Bought a scroll of fog for 48 gold pieces
  8729 | D:9      | Identified the +6 scale mail of Ibupewir {Rampage rC+
                  | Dex+2}
  9113 | D:6      | Bought a potion of lignification for 33 gold pieces
  9295 | D:9      | Noticed Maggie
  9303 | D:9      | Killed Maggie
  9588 | D:9      | Found a bloodstained altar of Trog.
 10053 | D:9      | Found a runed translucent gate.
 10053 | D:9      | Found a runed translucent gate.
 10053 | D:9      | Found a runed translucent gate.
 10054 | D:9      | Noticed zishaf's ghost (journeyman VSBr)
 10057 | D:9      | Identified the +4 rapier "Punoc" {drain, rC- Str+4 Int+3
                  | Dex+3}
 10138 | D:10     | Entered Level 10 of the Dungeon
 10143 | D:10     | Reached skill level 12 in Axes
 10160 | D:10     | Noticed a two-headed ogre
 10160 | D:10     | Noticed a manticore
 10167 | D:10     | Killed a two-headed ogre
 10171 | D:10     | Killed a manticore
 10942 | D:10     | Reached skill level 10 in Ranged Weapons
 10950 | D:10     | Reached XP level 11. HP: 95/95 MP: 10/10
 11072 | D:10     | Noticed Lodul
 11079 | D:10     | Killed Lodul
 11526 | D:3      | Bought a scroll of brand weapon for 123 gold pieces
 11600 | D:6      | Bought a potion of mutation for 88 gold pieces
 11600 | D:6      | Bought a potion of resistance for 110 gold pieces
 11673 | D:3      | Bought a scroll of immolation for 52 gold pieces
 11679 | D:3      | Bought a scroll of enchant armour for 90 gold pieces
 11680 | D:3      | Gained mutation: A frigid envelope surrounds you and
                  | freezes all who hurt you. [potion of mutation]
 11680 | D:3      | Gained mutation: You occasionally lose the ability to drink
                  | potions when taking damage. [potion of mutation]
 11680 | D:3      | Gained mutation: You possess an exceptional clarity of
                  | mind. [potion of mutation]
 12007 | D:10     | Noticed Nergalle
 12012 | D:10     | Killed Nergalle
 12082 | D:10     | Noticed Erolcha
 12088 | D:10     | Killed Erolcha
 12254 | D:10     | Found a runed translucent door.
 12254 | D:10     | Noticed Daxter95's ghost (novice MiBe)
 12266 | D:10     | Killed Daxter95's ghost
 12267 | D:10     | Reached skill level 13 in Axes
 12267 | D:10     | Reached skill level 5 in Dodging
 12626 | D:10     | Noticed a two-headed ogre
 12633 | D:10     | Killed a two-headed ogre
 12648 | D:10     | Identified the +0 pair of gloves of the Solstice {rElec
                  | Slay+5}
 12666 | D:10     | Noticed a two-headed ogre
 12674 | D:10     | Killed a two-headed ogre
 12946 | D:11     | Found a staircase to the Lair.
 12946 | D:11     | Noticed a death yak
 12947 | D:11     | Noticed a death yak
 12947 | D:11     | Noticed a death yak
 12969 | D:11     | Noticed a death yak
 12969 | D:11     | Noticed a death yak
 12977 | D:10     | Killed a death yak
 13040 | D:10     | Killed a death yak
 13165 | D:10     | Killed a death yak
 13166 | D:10     | Killed a death yak
 13167 | D:10     | Reached XP level 12. HP: 76/105 MP: 11/11
 13365 | D:11     | Killed a death yak
 13430 | D:11     | Reached skill level 5 in Evocations
 13804 | D:3      | Bought a scroll of summoning for 114 gold pieces
 13973 | D:11     | Reached skill level 14 in Axes
 14109 | D:11     | Noticed a boulder beetle
 14125 | D:11     | Killed a boulder beetle
 14126 | D:11     | Reached skill level 10 in Fighting
 14449 | Lair:1   | Entered Level 1 of the Lair of Beasts
 14449 | Lair:1   | Noticed a five-headed hydra
 14459 | D:11     | Killed a seven-headed hydra
 14939 | Lair:1   | Noticed an eight-headed hydra
 14942 | Lair:1   | Killed a ten-headed hydra
 15029 | Lair:1   | Reached skill level 15 in Axes
 15030 | Lair:1   | Reached XP level 13. HP: 94/114 MP: 12/12
 15850 | Lair:2   | Reached ***** piety under Trog
 16504 | Lair:2   | Reached skill level 10 in Dodging
 16718 | Lair:2   | Found a staircase to the Swamp.
 16745 | Lair:2   | Found a snail-covered altar of Cheibriados.
 17018 | Lair:2   | Reached skill level 16 in Axes
 17630 | Lair:3   | Noticed Sonja
 17643 | Lair:3   | Killed Sonja
 17708 | Lair:3   | Found a hole to the Spider Nest.
 18378 | D:6      | Bought a potion of heal wounds for 55 gold pieces
 18378 | D:6      | Bought a potion of heal wounds for 55 gold pieces
 18378 | D:6      | Bought a potion of heal wounds for 55 gold pieces
 18730 | Lair:3   | Received a gift from Trog
 18731 | Lair:3   | Reached skill level 1 in Stealth
 18732 | Lair:3   | Noticed Josephine
 18740 | Lair:3   | Killed Josephine
 19110 | Lair:3   | Reached XP level 14. HP: 113/125 MP: 13/13
 19296 | Lair:4   | Found a shimmering altar of Xom.
 19365 | Lair:4   | Found a runed translucent gate.
 19366 | Lair:4   | Found a runed translucent gate.
 19366 | Lair:4   | Found a runed translucent gate.
 19367 | Lair:4   | Noticed ravioli's ghost (journeyman FeSu)
 19367 | Lair:4   | Noticed Newt's ghost (journeyman DsGl)
 19376 | Lair:4   | Killed ravioli's ghost
 19378 | Lair:4   | Killed Newt's ghost
 20049 | Lair:4   | Identified a scroll of acquirement
 20058 | Lair:4   | Acquired a +4 vorpal arbalest
 20453 | Lair:4   | Upgraded the game from 0.30-a0-43-gbbf338a72c to
                  | 0.30-a0-46-g5a63ccc183
 20492 | Lair:5   | Entered Level 5 of the Lair of Beasts
 21037 | Lair:5   | Reached skill level 17 in Axes
 21368 | Lair:5   | Received a gift from Trog
 24439 | Lair:5   | Found a viscous altar of Jiyva.
 24439 | Lair:5   | Found a staircase to the Slime Pits.
 28789 | D:12     | Found Qoox's Assorted Antiques.
 28795 | D:12     | Bought a thin ruby amulet for 160 gold pieces
 28946 | D:12     | Found a staircase to the Orcish Mines.
 29025 | Orc:1    | Entered Level 1 of the Orcish Mines
 29249 | Orc:1    | Found a radiant altar of Vehumet.
 29393 | Orc:2    | Entered Level 2 of the Orcish Mines
 29416 | Orc:2    | Noticed Rupert
 29443 | Orc:1    | Killed Rupert
 29444 | Orc:1    | Reached XP level 15. HP: 17/134 MP: 0/14
 30134 | Orc:2    | Received a gift from Trog
 30142 | Orc:2    | Reached skill level 1 in Maces & Flails
 31969 | Orc:2    | Found Wahyot's Magic Scroll Shoppe.
 31969 | Orc:2    | Found Avatuihu's Magic Scroll Shoppe.
 31970 | Orc:2    | Found Rost's Distillery.
 31974 | Orc:2    | Found Faukh's Magic Scroll Emporium.
 31977 | Orc:2    | Bought a scroll of enchant weapon for 97 gold pieces
 31977 | Orc:2    | Bought a scroll of blinking for 97 gold pieces
 31977 | Orc:2    | Bought a scroll of poison for 52 gold pieces
 31979 | Orc:2    | Bought 2 scrolls of brand weapon for 247 gold pieces
 31979 | Orc:2    | Bought a scroll of brand weapon for 123 gold pieces
 31983 | Orc:2    | Bought a potion of resistance for 110 gold pieces
 31983 | Orc:2    | Bought a potion of flight for 33 gold pieces
 31983 | Orc:2    | Bought a potion of haste for 110 gold pieces
 32058 | Orc:2    | Reached skill level 18 in Axes
 32094 | Orc:2    | Noticed Snorg
 32098 | Orc:2    | Killed Snorg
 32184 | Orc:2    | Found a staircase to the Elven Halls.
 32435 | D:12     | Lost mutation: You occasionally lose the ability to drink
                  | potions when taking damage. [potion of mutation]
 32435 | D:12     | Lost mutation: A frigid envelope surrounds you and freezes
                  | all who hurt you. [potion of mutation]
 32435 | D:12     | Gained mutation: You have hidden genetic potential. [potion
                  | of mutation]
 32435 | D:12     | Gained mutation: You occasionally lose the ability to read
                  | scrolls when taking damage. [potion of mutation]
 32436 | D:12     | Lost mutation: You have hidden genetic potential. [potion
                  | of mutation]
 32436 | D:12     | Lost mutation: You occasionally lose the ability to read
                  | scrolls when taking damage. [potion of mutation]
 32436 | D:12     | Lost mutation: You possess an exceptional clarity of mind.
                  | [potion of mutation]
 32436 | D:12     | Gained mutation: You have a somewhat thin skeletal
                  | structure. (Dex +2, Stealth+) [potion of mutation]
 32436 | D:12     | Gained mutation: You have very sharp teeth. [potion of
                  | mutation]
 32798 | D:13     | Found a gate to the Vaults.
 32977 | D:13     | Noticed Nessos
 32978 | D:13     | Noticed Nessos
 32978 | D:13     | Nessos changed into Nessos the tarantella
 32983 | D:13     | Killed Nessos the tarantella
 33447 | D:13     | Noticed Azrael
 33459 | D:13     | Killed Azrael
 33460 | D:13     | Received a gift from Trog
 33461 | D:13     | Reached skill level 15 in Ranged Weapons
 33845 | D:13     | Reached skill level 19 in Axes
 34464 | D:14     | Noticed a fire giant
 34467 | D:14     | Noticed a fire giant
 34620 | D:14     | Killed a fire giant
 34927 | D:14     | Killed a fire giant
 34971 | D:14     | Identified the +6 scale mail "Gaufoc" {rC+}
 35309 | D:14     | Reached XP level 16. HP: 147/147 MP: 15/15
 35780 | D:15     | Entered Level 15 of the Dungeon
 36323 | D:15     | Reached skill level 20 in Axes
 36564 | D:15     | Found a staircase to the Depths.
 37150 | D:15     | Upgraded the game from 0.30-a0-46-g5a63ccc183 to
                  | 0.30-a0-49-g1cef19eb02
 37352 | D:9      | Killed zishaf's ghost
 37537 | Elf:1    | Entered Level 1 of the Elven Halls
 37574 | Elf:1    | Reached skill level 15 in Fighting
 39695 | Elf:1    | Found Ekiecy's Assorted Antiques.
 40193 | Elf:1    | Reached skill level 21 in Axes
 40380 | Elf:1    | Found Urog's Jewellery Shop.
 40388 | Elf:1    | Bought a ring of flight for 297 gold pieces
 40426 | Elf:1    | Found Isyllyuck's Distillery.
 40430 | Elf:1    | Bought a potion of invisibility for 144 gold pieces
 40430 | Elf:1    | Bought a potion of heal wounds for 90 gold pieces
 40946 | Elf:1    | HP: 8/192 [spore (14)]
 40947 | Elf:1    | HP: 1/196 [cloud of flame (4)]
 40948 | Elf:1    | Found a runed translucent gate.
 40948 | Elf:1    | Found a runed translucent gate.
 40948 | Elf:1    | Found a runed translucent gate.
 40948 | Elf:1    | Found a runed translucent gate.
 40948 | Elf:1    | Found a runed translucent gate.
 40948 | Elf:1    | Killed from afar by a deep elf knight

Illustrated notes

Levels and vault maps discovered:
D:1:      dpeg_arrival_arbitrary_a, layout_basic, st_stairs_2, dk_noncrumbling_3
D:2:      layout_rooms, shapermc_ecumenical_altar_mp_vishouse
D:3:      layout_loops_ring, bloody_makhleb, mainiacjoe_overflow_24_doors,
          serial_shops, nicolae_shop_stone, nicolae_shop_waterfront,
          nicolae_shop_hallway_stairs, shop, shop, minmay_goblin_outpost,
          uniq_jessica
D:4:      layout_rooms, nicolae_ru_sacrificial_ziggurat,
          nicolae_wu_jian_wuxing_cycle, nicolae_overflow_hidden_temple,
          minmay_strange_pillars, interstate_on_off, kennysheep_crisscross
D:5:      layout_basic, nicolae_figureground_sparkle
D:6:      layout_loops_ring, general_overflow_altar, okawaru_altar_gauntlet_db,
          mainiacjoe_overflow_chevrons, serial_shops, shop, item_on_display_a
D:7:      layout_loops_ring, minmay_temple_entry_grid, serial_rivers,
          chequers_serial_rivers_micro_e, chequers_serial_rivers_small_b,
          chequers_serial_rivers_micro_c, chequers_serial_rivers_room_b,
          chequers_serial_rivers_small_3, chequers_serial_rivers_small_b,
          enter_ossuary_3, dk_rats_in_the_wall
D:8:      layout_loops_ring, serial_shops, nicolae_square_shop, uniq_pikel
D:9:      layout_roguey, trog_butcher_becter, biasface_ghost_orc_armoury,
          minivault_21, chequers_serial_rivers_room_a, uniq_maggie
D:10:     layout_roguey, gammafunk_ghost_grave, grunt_ministairs_2,
          minmay_misc_feat_tower, uniq_erolcha, uniq_lodul, uniq_nergalle
D:11:     layout_rooms, dpeg_lair_monsters, serial_rivers,
          chequers_serial_rivers_micro_e, chequers_serial_rivers_micro_d,
          chequers_serial_rivers_small_b, chequers_serial_rivers_small_b,
          chequers_serial_rivers_micro_b, chequers_serial_rivers_micro_c
D:12:     layout_stronghold, minmay_orc_entry_guard_dogs, serial_shops,
          kennysheep_little_box, solitary_fountain
D:13:     hangedman_cross_veins, layout_loops_ring, david_vaults_4, uniq_nessos,
          uniq_azrael
D:14:     layout_irregular_city, minmay_checkered_concentric_circles
D:15:     grunt_enter_depths_magical_seal, layout_rooms,
          chequers_serial_rivers_micro_c, minivault_25
Lair:1:   layout_long_grid, hangedman_lair_unloving_vines, beast_lair_carwin_9
Lair:2:   nzn_winding_woodlands_three_and_one [nzn_winding_woodlands_5x15_eye,
          nzn_winding_woodlands_5x15_zeroes, nzn_winding_woodlands_5x15_default,
          nzn_winding_woodlands_center_garden], layout_hall_layers, swamp_mist,
          serial_rivers, chequers_serial_rivers_room_a,
          chequers_serial_rivers_micro_b, chequers_serial_rivers_micro_d,
          chequers_serial_rivers_small_a, chequers_serial_rivers_micro_c,
          chequers_serial_rivers_micro_a, kennysheep_snail_temple
Lair:3:   beast_lair_carwin_large_1, layout_gridlike,
          hellmonk_spider_entry_not_the_bees, uniq_sonja, uniq_josephine
Lair:4:   layout_cave_pods, basic_altar, gammafunk_ghost_cemetery,
          nicolae_quartered_pool_super, worms_lemuel, lemuel_fruit_fields,
          lemuel_fruit_fields
Lair:5:   grunt_lair_end_beastmaster, layout_gridlike,
          dpeg_slime_entry_enclosed, infiniplex_staircase_pool_2
Orc:1:    layout_caves, basic_altar
Orc:2:    st_orc_mages, layout_caves, basic_altar, uniq_snorg, uniq_rupert
Elf:1:    eino_elf_arrival_shootout, layout_geoelf_octagon, serial_shops, shop,
          nicolae_shop_waterfront, nicolae_shop_trees, orc_legates

Skill      XL: |  1  2  3  4  5  6  7  8  9 10 11 12 13 14 15 16 |
---------------+-------------------------------------------------+-----
Axes           | 4 5 6 7 8 9 11 12 13 15 16 17 19 21 | 21.3
Ranged Weapons | 1 2 3 5 6 8 10 11 12 14 15 16 | 16.5
Fighting       | 4 5 6 7 8 9 10 11 12 14 15 | 15.5
Shields        | 1 2 3 |  3.7
Armour         | 4 5 7 8 9 |  9.0
Evocations     | 2 3 4 6 7 8 |  8.5
Dodging        | 3 6 9 11 13 | 13.5
Stealth        | 1 4 |  4.4
Maces & Flails | 1 |  1.6

Action                   |  1- 3 |  4- 6 |  7- 9 | 10-12 | 13-15 | 16-18 || total
-------------------------+-------+-------+-------+-------+-------+-------++-------
Melee: Hand axe          |    37 |    48 |       |       |       |       ||    85
       Punch             |     1 |       |       |       |       |       ||     1
       Headbutt          |     2 |    24 |    41 |    54 |   116 |    36 ||   273
       War axe           |       |    79 |   306 |   157 |    11 |       ||   553
       Flail             |       |    23 |       |       |       |       ||    23
       Battleaxe         |       |       |       |   116 |   285 |       ||   401
       Executioner's axe |       |       |       |       |   183 |   133 ||   316
       Arbalest          |       |       |       |       |     1 |       ||     1
       Great mace        |       |       |       |       |    14 |       ||    14
       Bite              |       |       |       |       |    11 |    14 ||    25
 Fire: Sling             |       |    41 |    23 |    13 |       |       ||    77
       Shortbow          |       |       |       |    33 |    23 |       ||    56
       Arbalest          |       |       |       |       |   317 |   104 ||   421
Throw: Boomerang         |       |     3 |     9 |    12 |     1 |     8 ||    33
       Javelin           |       |       |       |     4 |       |     1 ||     5
Invok: Berserk           |     1 |     6 |     9 |    17 |     8 |     3 ||    44
       Trog's Hand       |       |     2 |     5 |     9 |    19 |     6 ||    41
Evoke: Wand              |       |       |     2 |     9 |    20 |       ||    31
  Use: Scroll            |     1 |    10 |     5 |     9 |    22 |     6 ||    53
       Potion            |       |       |       |     2 |     6 |     5 ||    13
 Stab: Distracted        |       |       |       |       |     1 |       ||     1
       Sleeping          |       |       |       |       |     1 |       ||     1
       Invisible         |       |       |       |       |       |     1 ||     1
Armor: Animal skin       |     5 |       |       |       |       |       ||     5
       Plate armour      |     6 |   103 |   173 |    17 |       |       ||   299
       Scale mail        |       |       |       |   108 |   253 |    30 ||   391
       Crystal plate arm |       |       |       |       |       |    15 ||    15
Dodge: Dodged            |    18 |    57 |    96 |   165 |   419 |   125 ||   880
       Repelled          |       |       |       |       |     2 |     7 ||     9
Block: Buckler           |       |    22 |    43 |    34 |       |       ||    99

Table legend: (Time is in decaauts)
 A = Elapsed time spent in this place.
 B = Non-inter-level travel time spent in this place.
 C = Inter-level travel time spent in this place.
 D = Time resting spent in this place.
 E = Time spent auto-exploring this place.
 F = Levels seen in this place.
 G = Mean time per level.
                   A        B        C        D        E       F      G
               +--------+--------+--------+--------+--------+-----+--------+
         Total |  41473 |  38313 |   3160 |  17653 |  15734 |  24 | 1728.0 |
       Dungeon |  20879 |  18183 |   2696 |   5374 |   9851 |  15 | 1391.9 |
          Lair |  13556 |  13202 |    354 |   7864 |   4164 |   5 | 2711.2 |
  Orcish Mines |   3373 |   3264 |    109 |   2163 |    734 |   2 | 1686.5 |
   Elven Halls |   3416 |   3416 |      0 |   2201 |    919 |   1 | 3416.0 |
       Ossuary |    248 |    248 |      0 |     49 |     65 |   1 |  248.0 |
               +--------+--------+--------+--------+--------+-----+--------+

Top non-repeatable levels by time:
  Lair:5: 7298 daAuts
   Elf:1: 3416 daAuts
    D:10: 2492 daAuts
   Orc:2: 2467 daAuts
     D:9: 2037 daAuts
    D:14: 1957 daAuts
  Lair:2: 1854 daAuts
  Lair:4: 1793 daAuts
    D:13: 1628 daAuts
     D:6: 1577 daAuts
     D:8: 1455 daAuts
    D:11: 1389 daAuts
  Lair:1: 1321 daAuts
  Lair:3: 1289 daAuts
     D:4: 1196 daAuts
